 Dungeon Crawl Stone Soup version 0.29.1-15-g9cfb28693d (webtiles) character file.

Game seed: 16904018697009813150

1021 protoss039 the Trooper (level 8, 60/60 HPs)
             Began as a Demonspawn Earth Elementalist on Mar 14, 2023.
             Was an Initiate of Vehumet.
             Got out of the dungeon alive.
             The game lasted 00:08:36 (6823 turns).

protoss039 the Trooper (DsEE)                       Turns: 6823, Time: 00:08:36

Health: 60/60      AC: 11    Str:  8    XL:     8   Next: 2%
Magic:  13/13      EV: 10    Int: 19    God:    Vehumet [......]
Gold:   299        SH:  0    Dex: 14    Spells: 8/14 levels left

rFire   . . .      SeeInvis .   i - +2 dagger (vamp)
rCold   . . .      Faith    .   (no shield)
rNeg    . . .      Spirit   .   f - +0 ring mail
rPois   .          Reflect  .   (no helmet)
rElec   .          Harm     .   (no cloak)
rCorr   .          Rampage  .   t - +0 pair of gloves
Will    .....                   c - +0 pair of boots
Stlth   ++........              (no amulet)
HPRegen 0.20/turn               (no ring)
MPRegen 0.13/turn               (no ring)

@: no status effects
A: claws 2, yellow scales 2, ignite blood 1, demonic magic 1
a: Renounce Religion


You escaped.
You worshipped Vehumet.
Vehumet was noncommittal.
You visited 2 branches of the dungeon, and saw 7 of its levels.

You collected 347 gold pieces.
You spent 48 gold pieces at shops.

Inventory:

Hand Weapons
 i - a +2 vampiric dagger (weapon)
Missiles
 r - a throwing net
Armour
 c - a +0 pair of boots (worn)
 f - a +0 ring mail (worn)
 t - a +0 pair of gloves (worn)
 A - a +0 robe of resistance
Wands
 z - a wand of paralysis (10)
Scrolls
 a - 2 scrolls of vulnerability {unknown}
 e - 2 scrolls of immolation {unknown}
 g - a scroll of summoning {unknown}
 j - 2 scrolls of enchant weapon {unknown}
 k - a scroll of poison
 m - 2 scrolls of fog {unknown}
 n - a scroll of noise {unknown}
 o - 2 scrolls of teleportation {unknown}
 u - 2 scrolls of brand weapon {unknown}
 v - a scroll of blinking {unknown}
 w - a scroll of amnesia {unknown}
 y - a scroll of identify {unknown}
Potions
 b - 2 potions of magic
 d - a potion of invisibility {unknown}
 h - 2 potions of heal wounds {unknown}
 l - 2 potions of attraction {unknown}
 p - 2 potions of mutation {unknown}
 q - 3 potions of resistance {unknown}
 s - a potion of degeneration {unknown}
 x - 2 potions of lignification {unknown}


   Skills:
 * Level 4.0 Fighting
 * Level 3.5 Armour
 - Level 3.0 Dodging
 - Level 3.0 Stealth
 + Level 3.6 Spellcasting
 + Level 2.8 Conjurations
 - Level 2.0 Transmutations
 + Level 3.9 Earth Magic


You had 8 spell levels left.
You knew the following spells:

 Your Spells              Type           Power      Damage    Failure   Level
a - Sandblast             Erth           36%        2d10      9%          1
b - Passwall              Tmut/Erth      11%        N/A       19%         2
c - Stone Arrow           Conj/Erth      32%        3d9       30%         3

Your spell library contained the following spells:

 Spells                   Type           Power      Damage    Failure   Level
 Petrify                  Tmut/Erth      14%        N/A       77%         4


Dungeon Overview and Level Annotations

Branches:
Dungeon (6/15) Zot: 26727  Temple (1/1) D:4 Zot: 5960

Altars:
Ashenzari
Cheibriados
Dithmenos
Fedhas
Gozag
Hepliaklqana
Kikubaaqudgha
Makhleb
Qazlal
Ru
Sif Muna
Trog
Uskayaw
Vehumet
Wu Jian
Xom
Yredelemnul

Shops:
D:2 *[

Annotations:
Temple 2 transporters


Innate Abilities, Weirdness & Mutations

You have very sharp fingernails.
You are mostly covered in yellow scales. (AC +3)
Your demonic aura sometimes causes spilled blood to erupt in flames.
Spells you cast may paralyse adjacent enemies.


Message History

Aim: an orc, wielding a +0 hand axe and wearing a +0 leather armour (lightly wounded, 82% to hit)
The blast of sand hits the orc.
The orc is severely wounded.
Malevolent energies surge around you. The orc hits you but does no damage.
Casting: Sandblast (safe; 9% risk of failure)
Confirm with . or Enter, or press ? or * to list all spells.
Aiming: Sandblast (safe; 9% risk of failure)
Press: ? - help, Shift-Dir - straight line, f/p - orc
Aim: an orc, wielding a +0 hand axe and wearing a +0 leather armour (severely wounded, 82% to hit)
The blast of sand hits the orc!
You kill the orc!
Vehumet accepts your kill. Malevolent energies surge around you.
(D) Dungeon (T) Temple
Where to? (Enter - D:1, ? - help)
Things that are here:
a +0 hand axe; a +0 leather armour; an orc corpse HP restored.
There is a stone staircase leading up here.
You climb upwards.
There is a stone staircase leading down here.
There is a stone staircase leading up here.
You climb upwards.
There is a stone staircase leading down here.
There is a stone staircase leading up here.
You climb upwards.
There is a stone staircase leading down here.
Magic restored.
You see here a +0 dagger.
There is a stone staircase leading up here.
You climb upwards.
There is a stone staircase leading down here.
You see here a +0 robe.
There is an open door here.
There is a stone staircase leading down here.
You enter the shallow water.
Moving in this stuff is going to be slow.
There is a staircase leading out of the dungeon here.
Are you sure you want to leave the Dungeon?
This will make you lose the game!
You have escaped!

####.......####..##...........# #
.# ####..### ##.#######..#..####
.# #....####...####....#...... .#
##.....#..~..#.....##.##### .#
#8..~....~....~..8##.# .#
##...~..~~~..~...###.# .#
##.....~~~~~~~.....##.# ##
#....~~~~...~~~~....#.#
#..~~~~~..@..~~~~~..#.#####
#######....~~~~...~~~~....#.#....
.......#.....~~~~~~~.....##.#.#..
######.##...~..~~~..~...###.#.###
....##.#8..~....~....~..8##.#....
.#.....#.....#..~..#.....##.#####
.#..###....####...####....#......
.#..# #..### ##.## ###..#######
##..# #### ##.# ####


There were no monsters in sight!

Vanquished Creatures
  Grinder (D:5)
  A black bear (D:4)
  A bullfrog (D:6)
  3 necrophages
  A scorpion (D:2)
  A hound (D:4)
  A jelly (D:4)
  An orc priest (D:5)
  3 iguanas
  An orc wizard (D:5)
  4 gnolls (D:3)
  6 adders
  An ufetubus (D:4)
  2 worms
  5 dart slugs
  21 orcs
  6 endoplasms
  6 giant cockroaches
  14 hobgoblins
  4 quokkas
  6 ball pythons
  8 bats
  4 frilled lizards
  12 goblins
  5 kobolds
  5 rats
123 creatures vanquished.

Vanquished Creatures (others)
  3 plants (D:6)
3 creatures vanquished.

Grand Total: 126 creatures vanquished

Notes
Turn   | Place    | Note
-------+----------+-------------------------------------------
     0 | D:1      | protoss039 the Demonspawn Earth Elementalist began the
                  | quest for the Orb.
     0 | D:1      | Reached XP level 1. HP: 13/13 MP: 3/3
   139 | D:1      | Reached skill level 1 in Transmutations
   418 | D:1      | Gained mutation: Your demonic aura sometimes causes spilled
                  | blood to erupt in flames. [demonic ancestry]
   418 | D:1      | Reached XP level 2. HP: 18/19 MP: 1/5
   579 | D:1      | Found a faded altar of an unknown god.
   843 | D:1      | Gained mutation: You are partially covered in yellow
                  | scales. (AC +2) [demonic ancestry]
   843 | D:1      | Reached XP level 3. HP: 24/24 MP: 6/6
  1262 | D:1      | Learned a level 2 spell: Passwall
  1949 | D:2      | Found Goux's General Store.
  1953 | D:2      | Bought a potion of might for 48 gold pieces
  1996 | D:2      | Gained mutation: You have sharp fingernails. [demonic
                  | ancestry]
  1996 | D:2      | Reached XP level 4. HP: 19/31 MP: 1/7
  2352 | D:2      | Found Lurhidd's Antique Armour Boutique.
  2396 | D:2      | Noticed a scorpion
  2439 | D:2      | Killed a scorpion
  2440 | D:2      | Reached skill level 1 in Fighting
  2440 | D:2      | Gained mutation: You are mostly covered in yellow scales.
                  | (AC +3) [demonic ancestry]
  2440 | D:2      | Reached XP level 5. HP: 24/37 MP: 1/8
  2666 | D:2      | Reached skill level 1 in Armour
  2871 | D:2      | Learned a level 3 spell: Stone Arrow
  3049 | D:3      | Found a hazy altar of Hepliaklqana.
  4147 | D:4      | Found a staircase to the Ecumenical Temple.
  4194 | Temple   | Entered the Ecumenical Temple
  4194 | Temple   | Found a transporter.
  4194 | Temple   | Found a transporter.
  4196 | Temple   | Found a transporter.
  4196 | Temple   | Found a transporter.
  4219 | Temple   | Became a worshipper of Vehumet
  4425 | D:4      | Reached skill level 2 in Fighting
  4425 | D:4      | Reached skill level 1 in Conjurations
  4425 | D:4      | Gained mutation: You have very sharp fingernails. [demonic
                  | ancestry]
  4425 | D:4      | Reached XP level 6. HP: 27/44 MP: 1/10
  5487 | D:5      | Entered Level 5 of the Dungeon
  5504 | D:5      | Reached XP level 7. HP: 46/51 MP: 8/11
  5506 | D:5      | Reached skill level 3 in Fighting
  5870 | D:5      | Noticed Grinder
  5879 | D:5      | Killed Grinder
  6681 | D:6      | Reached skill level 4 in Fighting
  6681 | D:6      | Gained mutation: Spells you cast may paralyse adjacent
                  | enemies. [demonic ancestry]
  6681 | D:6      | Reached XP level 8. HP: 54/60 MP: 4/13
  6823 | D:$      | Got out of the dungeon alive.

Illustrated notes

Levels and vault maps discovered:
D:1:      eino_arrival_water_star, layout_basic,
          chequers_ecumenical_altar_simple_redux, kennysheep_flooded_box
D:2:      cheibrodos_greedy_goblins, layout_basic, serial_glass,
          glass_columns_b, glass_columns_b, serial_shops,
          nicolae_shop_temple_entry_statues_fountains, shop
D:3:      layout_loops_ring, lemuel_crystal_altar,
          chequers_serial_rivers_small_3, nrook_loot_triangle,
          amethyst_killhole, minmay_bisected
D:4:      kennysheep_spiral_hall, layout_loops_ring,
          minmay_temple_entry_mini_moons
D:5:      layout_basic, minmay_misc_feat_doors, uniq_grinder
D:6:      layout_basic, serial_bayou_lake_a, uniq_blork_the_orc
Temple:   hellmonk_temple_divided_pantheon

Skill      XL: |  1  2  3  4  5  6  7 |
---------------+----------------------+-----
Transmutations | 1 2 |  2.0
Stealth        | 2 3 |  3.0
Dodging        | 2 3 |  3.0
Earth Magic    | 3 |  3.9
Fighting       | 1 2 4 |  4.0
Armour         | 1 2 3 |  3.5
Conjurations   | 1 2 |  2.8
Spellcasting   | 3 |  3.6

Action                   |  1- 3 |  4- 6 |  7- 9 || total
-------------------------+-------+-------+-------++-------
Melee: Dagger            |   104 |    73 |    34 ||   211
       Punch             |       |       |     1 ||     1
 Cast: Sandblast         |    49 |   108 |    39 ||   196
  Use: Potion            |       |     3 |       ||     3
       Scroll            |       |     1 |     1 ||     2
 Stab: Sleeping          |     2 |     3 |       ||     5
Armor: Robe              |    11 |       |       ||    11
       Ring mail         |    65 |   102 |    35 ||   202
Dodge: Dodged            |    92 |    99 |    35 ||   226
